 Dungeon Crawl Stone Soup version 0.31.0-11-ge490571c62 (webtiles) character file.

Game seed: 16591698619352746997

86 qw the Shooter (level 4, -2/25 HPs)
             Began as a Deep Elf Hunter on Feb 3, 2024.
             Slain by Terence
             ... wielding a +0 morningstar
              (11 damage)
             ... on level 3 of the Dungeon.
             The game lasted 00:00:36 (1864 turns).

qw the Shooter (Deep Elf Hunter)                    Turns: 1864, Time: 00:00:37

Health: -2/25      AC:  5    Str: 10    XL:     4   Next: 27%
Magic:  6/6        EV:  8    Int: 14    God:
Gold:   104        SH:  0    Dex: 18    Spells: 3/3 levels left

rFire   . . .        a - +0 shortbow
rCold   . . .        (shield currently unavailable)
rNeg    . . .        d - +0 ring mail
rPois   .            (no helmet)
rElec   .            (no cloak)
rCorr   .            (no gloves)
SInv    .            (no boots)
Will    +....        (no amulet)
Stlth   +            g - ring of willpower
HPRegen 0.24/turn    (no ring)
MPRegen 0.10/turn

%: no passive effects
@: constricted
A: no striking features
a: no special abilities


You were on level 3 of the Dungeon.
You visited 1 branch of the dungeon, and saw 3 of its levels.

You collected 104 gold pieces.


   Skills:
 - Level 1.5 Fighting
 + Level 7.7 Ranged Weapons
 - Level 2.4 Dodging
 - Level 1.2 Stealth


You had 3 spell levels left.
You didn't know any spells.
Your spell library was empty.

Inventory:

Hand Weapons
 a - a +0 shortbow (weapon)
Armour
 d - a +0 ring mail (worn)
Jewellery
 g - a ring of willpower (left hand)
Scrolls
 b - a scroll of summoning {unknown}
 c - a scroll of blinking {unknown}
Potions
 e - a potion of might
 f - a potion of heal wounds {unknown}
 h - 2 potions of curing {unknown}

Dungeon Overview and Level Annotations

Branches:
Dungeon (3/15)

Altars:
Dithmenos
Yredelemnul

Shops:
D:1 [

Annotations:
D:1 1 transporter
D:3 Terence


Message History

You shoot an arrow. The arrow closely misses the quokka.
The quokka barely misses you. x2
You shoot an arrow. The arrow closely misses the quokka.
The quokka bites you.
You shoot an arrow. The arrow hits the quokka.
You kill the quokka!
You start resting.
HP restored.
You see here a quokka corpse.
Terence the Incautious comes into view.
He is wielding a +0 morningstar.
You shoot an arrow.
The arrow hits Terence but does no damage.
Terence shouts!
You shoot an arrow.
The arrow hits Terence but does no damage.
You shoot an arrow. The arrow hits Terence.
Terence is moderately wounded.
You shoot an arrow.
The arrow hits Terence but does no damage.
Terence is moderately wounded.
You shoot an arrow. The arrow barely misses Terence.
You shoot an arrow.
The arrow hits Terence but does no damage.
Terence is moderately wounded.
A ball python comes into view.
Terence hits you with a +0 morningstar.
You shoot an arrow.
The arrow hits Terence but does no damage.
Terence is moderately wounded.
Terence hits you with a +0 morningstar!
You shoot an arrow.
The arrow hits Terence but does no damage.
Terence is moderately wounded.
Terence hits you with a +0 morningstar. The ball python barely misses you.
The ball python grabs you. The ball python constricts you.
You shoot an arrow.
The arrow barely misses the ball python.
Terence hits you with a +0 morningstar!
You die...
Terence says, "Time to find some more victims."

.##.. ....# #...#
#...# ###...#
......#########.
#.##...S@@...!..
#.##...########.
#.##..........
######.##.#.#######
#....%.##....#
####.#.........#.#
.................#
.###.#.#####.#.#.#
.# #.#.# #.###.#


You could see Terence and a ball python.

Vanquished Creatures
  A gnoll (D:1)
  An adder (D:2)
  A ribbon worm (D:2)
  3 bats (D:1)
  9 endoplasms
  4 giant cockroaches
  4 hobgoblins
  5 quokkas
  7 ball pythons
  4 frilled lizards
  6 goblins
  8 kobolds
  5 rats
58 creatures vanquished.

Notes
Turn   | Place    | Note
-------+----------+-------------------------------------------
     0 | D:1      | qw the Deep Elf Hunter began the quest for the Orb.
     0 | D:1      | Reached XP level 1. HP: 12/12 MP: 3/3
     0 | D:1      | 0 ||| qw: Version: 0.3-a-155-g5e7d8dd
     0 | D:1      | 0 ||| qw: Game counter: 3539
     0 | D:1      | 0 ||| qw: Melee chars always use a shield: true
     0 | D:1      | 0 ||| qw: God list: Okawaru
     0 | D:1      | 0 ||| qw: Allow faded altars: false
     0 | D:1      | 0 ||| qw: Do Orc after clearing Dungeon:15 true
     0 | D:1      | 0 ||| qw: Do second Lair branch before Depths: true
     0 | D:1      | 0 ||| qw: Lair rune preference: random
     0 | D:1      | 0 ||| qw: Goals: Normal
     0 | D:1      | 0 ||| PLANNING D:1-11
   129 | D:1      | Found a faded altar of an unknown god.
   204 | D:1      | Reached XP level 2. HP: 16/16 MP: 4/4
   206 | D:1      | Reached skill level 6 in Ranged Weapons
   458 | D:1      | 458 ||| RETREEEEATING.
   460 | D:1      | Reached XP level 3. HP: 20/20 MP: 5/5
   565 | D:1      | Found Awnem's Antique Armour Shop.
   569 | D:1      | 569 ||| SHOPLISTING +2 pair of slick slippers {slick,
                  | slippery, EV+4} (702 gold, have 69).
   569 | D:1      | 569 ||| SHOPLISTING cloak (117 gold, have 69).
   569 | D:1      | 569 ||| SHOPLISTING embroidered robe (96 gold, have 69).
   569 | D:1      | 569 ||| SHOPLISTING glowing ring mail (182 gold, have 69).
   675 | D:1      | 675 ||| UPGRADING to +0 ring mail.
   685 | D:1      | 685 ||| DROPPING +0 leather armour.
   686 | D:1      | 686 ||| UPGRADING to ring of willpower.
   687 | D:1      | 687 ||| DROPPING scroll of butterflies.
   806 | D:2      | Reached skill level 7 in Ranged Weapons
  1352 | D:2      | Reached XP level 4. HP: 25/25 MP: 6/6
  1401 | D:2      | Found a basalt altar of Yredelemnul.
  1546 | D:2      | 1546 ||| READING scroll labelled PABESTR OG QAU.
  1546 | D:2      | 1546 ||| IDENTIFYING sedimented sapphire potion
  1547 | D:2      | 1547 ||| READING scroll labelled UKIRIE LAIVIUL.
  1548 | D:2      | 1548 ||| READING scroll labelled TUMEXUMM BECA.
  1550 | D:2      | 1550 ||| Stepping ~*~*~tactically~*~*~ (cloud).
  1554 | D:2      | HP: 6/25 [poisoned by you (poison gas)]
  1762 | D:3      | Found a shadowy altar of Dithmenos.
  1855 | D:3      | Noticed Terence
  1864 | D:3      | Slain by Terence

Levels and vault maps discovered:
D:1:      spicycebolla_arrival_risky_transporter, layout_loops_ring,
          chequers_ecumenical_altar_island, serial_shops,
          nicolae_shop_behind_doors
D:2:      layout_loops_corners, basic_altar, nicolae_titane
D:3:      layout_loops_ring, nicolae_dithmenos_the_darkroom, uniq_robin,
          uniq_terence

Skill      XL: |  1  2  3 |
---------------+----------+-----
Ranged Weapons | 6 7 |  7.7
Fighting       | |  1.5
Dodging        | |  2.4
Stealth        | |  1.2

Action                     |  1- 3 |  4- 6 || total
---------------------------+-------+-------++-------
   Fire: Shortbow          |   124 |    54 ||   178
    Use: Scroll            |       |     3 ||     3
 Armour: Leather armour    |     8 |       ||     8
         Ring mail         |    14 |    13 ||    27
  Dodge: Dodged            |    40 |    12 ||    52

Table legend:
 A = Non-vault XP
 B = Vault XP
 C = Vault XP percentage of total XP
 D = Non-vault monster count
 E = Vault monster count
 F = Vault count percentage of total count
                 A         B        C        D         E       F
            +---------+---------+-------+---------+---------+-------
      Total |     124 |       0 |   0.0 |      58 |       0 |   0.0
            +---------+---------+-------+---------+---------+-------
        D:1 |      59 |       0 |   0.0 |      27 |       0 |   0.0
        D:2 |      45 |       0 |   0.0 |      20 |       0 |   0.0
        D:3 |      20 |       0 |   0.0 |      11 |       0 |   0.0
            +---------+---------+-------+---------+---------+-------
